 Dungeon Crawl Stone Soup version 0.19.0-19-g8c6edcc (webtiles) character file.

1358 Monkfish the Covert (level 8, -2/49 HPs)
             Began as a Kobold Berserker on Nov 12, 2016.
             Was a Priest of Trog.
             Splashed by a jelly's acid (9 damage)
             ... on level 6 of the Dungeon.
             The game lasted 00:05:12 (4391 turns).

Monkfish the Covert (Kobold Berserker)              Turns: 4391, Time: 00:05:13

Health: -2/49      AC: -4    Str: 17    XL:     8   Next: 96%
Magic:  8/8        EV: 17    Int:  8    God:    Trog [***...]
Gold:   131        SH:  0    Dex: 14    Spells: 0 memorised, 7 levels left

rFire  . . .     SeeInvis .     a - +1 short sword
rCold  . . .     Gourm    .     b - +1 animal skin
rNeg   . . .     Faith    .     (shield restricted)
rPois  .         Spirit   .     (no helmet)
rElec  .         Reflect  .     (no cloak)
rCorr  .         Harm     .     (no gloves)
MR     ++...                    (no boots)
Stlth  ++++......               (no amulet)
                                (no ring)
                                (no ring)

@: corroded, regenerating
A: carnivore 3
a: Berserk, Trog's Hand, Burn Spellbooks, Renounce Religion


You were on level 6 of the Dungeon.
You worshipped Trog.
Trog was most pleased with you.
You were not hungry.

You visited 1 branch of the dungeon, and saw 6 of its levels.

You collected 251 gold pieces.
You spent 120 gold pieces at shops.

Inventory:

Hand Weapons
 a - a +1 short sword (weapon)
Armour
 b - a +1 animal skin (worn)
Wands
 j - a wand of acid (2/15)
 k - a wand of enslavement (19/24)
Scrolls
 d - a scroll of remove curse
 e - 2 scrolls of enchant weapon
 f - 2 scrolls of enchant armour
 i - 5 scrolls of teleportation
 n - a scroll of identify
Potions
 g - 2 potions of heal wounds
 h - a potion of might
Comestibles
 c - 2 meat rations
 l - 3 beef jerkies
 m - a royal jelly


   Skills:
 + Level 5.3 Fighting
 + Level 8.5 Short Blades
 - Level 1.5 Armour
 + Level 4.8 Dodging
 * Level 9.4 Stealth


You had 7 spell levels left.
You didn't know any spells.

Dungeon Overview and Level Annotations

Branches:
Dungeon (6/15)             Temple (0/1) D:5

Altars:
Cheibriados
Dithmenos
Fedhas
Gozag
Makhleb
Nemelex Xobeh
Okawaru
Xom
Zin

Shops:
D:4 !   D:5 *   D:6 (


Innate Abilities, Weirdness & Mutations

You are small and have problems with some larger weapons.
You are carnivorous and can eat meat at any time.


Message History

The jelly is heavily wounded.
The jelly misses you.
You hit the jelly but do no damage.
Your hands burn!
The jelly is heavily wounded.
The jelly hits you.
You are splashed with acid!
The acid burns!
You hit the jelly but do no damage.
Your hands burn!
The jelly is heavily wounded.
You hit the jelly.
Your hands burn!
The jelly is severely wounded.
The jelly misses you.
You hit the jelly.
Your hands burn!
The jelly is almost dead.
The jelly hits you.
You are splashed with acid!
The acid burns!
* * * LOW HITPOINT WARNING * * *
Your skin crawls.
You feel resistant to hostile enchantments.
You feel somewhat more hungry. The jelly hits you.
* * * LOW HITPOINT WARNING * * *
You are splashed with acid!
The acid burns!
You die...

.#...#..##.#
....รท......#
#..........#
#...###...##
#..........#
##..#####..#
#..#
##.#######
##.#
#.#.....# #.#
#.....#@#
###.#.#J....#
#.#.#####)#
#.#.# #.#..
#.### #.# ..#
..#


You could see a jelly.

Vanquished Creatures
  Grinder (D:6)
  Sigmund (D:3)
  A water moccasin (D:6)
  2 sky beasts (D:6)
  A phantom (D:5)
  A centaur (D:5)
  A bullfrog (D:6)
  2 scorpions
  A crimson imp (D:5)
  3 hounds
  An iguana (D:4)
  2 worker ants
  3 gnolls (D:3)
  8 adders
  An adder skeleton (D:6)
  A worm (D:2)
  2 dart slugs
  3 leopard geckos
  3 orcs
  A ball python (D:5)
  4 giant cockroaches
  3 goblins (D:1)
  3 hobgoblins
  12 jackals
  8 kobolds
  A quokka (D:3)
  6 bats
  5 frilled lizards
  A jackal skeleton (D:5)
  A quokka skeleton (D:4)
  11 rats
  A butterfly (D:2)
95 creatures vanquished.

Notes
Turn   | Place    | Note
-------+----------+-------------------------------------------
     0 | D:1      | Monkfish the Kobold Berserker began the quest for the Orb.
     0 | D:1      | Reached XP level 1. HP: 14/14 MP: 1/1
   149 | D:1      | Reached XP level 2. HP: 9/19 MP: 2/2
   400 | D:1      | Reached ** piety under Trog
   400 | D:1      | Reached skill level 1 in Stealth
   417 | D:1      | Reached XP level 3. HP: 13/23 MP: 3/3
   866 | D:2      | Reached skill level 5 in Short Blades
   866 | D:2      | Reached XP level 4. HP: 20/29 MP: 4/4
   876 | D:2      | Reached skill level 2 in Stealth
  1010 | D:2      | Found a shimmering altar of Xom.
  1024 | D:2      | Found a sparkling altar of Nemelex Xobeh.
  1045 | D:2      | Found a shadowy altar of Dithmenos.
  1250 | D:2      | Found a burning altar of Makhleb.
  1257 | D:2      | Reached skill level 3 in Stealth
  1257 | D:2      | Reached XP level 5. HP: 26/33 MP: 5/5
  1667 | D:3      | Reached skill level 4 in Stealth
  1867 | D:3      | Noticed Sigmund
  1875 | D:3      | Reached *** piety under Trog
  1904 | D:3      | HP: 1/33 [something (4)]
  1913 | D:3      | Killed Sigmund
  1913 | D:3      | Reached skill level 5 in Stealth
  1913 | D:3      | Reached XP level 6. HP: 7/38 MP: 6/6
  2280 | D:4      | Reached XP level 7. HP: 43/43 MP: 7/7
  2490 | D:4      | Found Dorrunaf's Distillery.
  2505 | D:4      | Bought a potion of heal wounds for 50 gold pieces
  2505 | D:4      | Bought 2 potions of lignification for 60 gold pieces
  2505 | D:4      | Bought a potion of degeneration for 10 gold pieces
  2526 | D:4      | Reached skill level 6 in Stealth
  3031 | D:5      | Entered Level 5 of the Dungeon
  3044 | D:5      | Found a glowing silver altar of Zin.
  3045 | D:5      | Found Zin's Purification Station.
  3129 | D:5      | Found a staircase to the Ecumenical Temple.
  3221 | D:5      | Found a snail-covered altar of Cheibriados.
  3252 | D:5      | Reached skill level 7 in Stealth
  3367 | D:5      | Found a blossoming altar of Fedhas.
  3421 | D:5      | Reached XP level 8. HP: 48/48 MP: 8/8
  3898 | D:6      | Found an iron altar of Okawaru.
  3924 | D:6      | Reached skill level 8 in Stealth
  3936 | D:6      | Noticed Grinder
  3949 | D:6      | Paralysed by Grinder for 4 turns
  3955 | D:6      | Killed Grinder
  3955 | D:6      | Reached skill level 5 in Fighting
  3997 | D:6      | Reached skill level 9 in Stealth
  4052 | D:6      | Found Iva Wih's Weapon Shoppe.
  4058 | D:6      | Found an opulent altar of Gozag.
  4391 | D:6      | Splashed by a jelly's acid

Skill      XL: |  1  2  3  4  5  6  7  8 |
---------------+-------------------------+-----
Stealth        | 1 3 5 7 9 |  9.4
Short Blades   | 5 6 7 8 |  8.5
Dodging        | 3 4 |  4.8
Fighting       | 4 5 |  5.3
Armour         | |  1.5

Action                   |  1- 3 |  4- 6 |  7- 9 || total
-------------------------+-------+-------+-------++-------
Melee: Short sword       |   116 |   129 |   132 ||   377
       Unarmed           |       |    21 |       ||    21
Invok: Trog's Hand       |     1 |     3 |     4 ||     8
       Berserk           |       |     3 |     5 ||     8
  Use: Scroll            |     3 |     4 |     4 ||    11
       Potion            |       |     4 |     1 ||     5
 Stab: Sleeping          |     6 |    10 |     8 ||    24
       Distracted        |       |       |     1 ||     1
  Eat: Chunk             |     5 |     6 |     1 ||    12
       Meat ration       |       |       |     2 ||     2
Armor: Animal skin       |    16 |    12 |     7 ||    35
Dodge: Dodged            |    91 |    85 |    64 ||   240
